 Dungeon Crawl Stone Soup version 0.20.0-8-g6b59dc7 (webtiles) character file.

144 IcySystem the Chiller (level 5, -1/31 HPs)
             Began as an Octopode Ice Elementalist on May 30, 2017.
             Killed from afar by an orc (6 damage)
             ... on level 3 of the Dungeon.
             The game lasted 00:08:25 (3187 turns).

IcySystem the Chiller (Octopode Ice Elementalist)   Turns: 3187, Time: 00:08:25

Health: -1/31      AC:  1    Str:  8    XL:     5   Next: 26%
Magic:  5/8        EV: 13    Int: 18    God:
Gold:   143        SH:  0    Dex: 12    Spells: 3/9 levels left

rFire    . . .     SeeInvis .   q - +3 quarterstaff (chaos)
rCold    . . .     Gourm    .   (shield currently unavailable)
rNeg     . . .     Faith    .   (helmet restricted)
rPois    .         Spirit   .   (no amulet)
rElec    .         Reflect  .   (no ring)
rCorr    .         Harm     .   (no ring)
MR       .....                  (no ring)
Stlth    ++++......             (no ring)
Regen    0.1/turn               (no ring)
MPRegen  0.2/turn               (no ring)
                                (no ring)
                                (no ring)

@: very slightly contaminated
A: almost no armour, stealthy swim, amphibious, 8 rings, constrict 8, camouflage
1, gelatinous body 1
a: no special abilities


You were on level 3 of the Dungeon.
You were not hungry.

You visited 1 branch of the dungeon, and saw 3 of its levels.

You collected 143 gold pieces.

Inventory:

Hand Weapons
 e - a +0 whip
 q - a +3 quarterstaff of chaos (weapon)
Missiles
 g - 14 stones (quivered)
Scrolls
 d - a scroll of recharging {unknown}
 k - a scroll of teleportation {unknown}
 l - a scroll of remove curse {unknown}
 m - a scroll of enchant weapon {unknown}
 n - 2 scrolls of identify {unknown}
 p - 2 scrolls of magic mapping {unknown}
Potions
 h - a potion of ambrosia {unknown}
 i - a potion of heal wounds {unknown}
 j - a potion of brilliance {unknown}
 o - a potion of degeneration {unknown}
Books
 a - a book of Frost

   Spells                             Type                      Level
   a - Freeze                         Ice                          1
   b - Throw Frost                    Conjuration/Ice              2
   c - Ozocubu's Armour               Charms/Ice                   3
   d - Throw Icicle                   Conjuration/Ice              4
   e - Summon Ice Beast               Ice/Summoning                4
Comestibles
 b - 4 bread rations
 c - a meat ration


   Skills:
 - Level 2.0 Dodging
 + Level 4.2 Stealth
 - Level 2.5 Spellcasting
 - Level 1.0 Conjurations
 * Level 4.9 Ice Magic


You had 3 spell levels left.
You knew the following spells:

 Your Spells              Type           Power        Failure   Level  Hunger
a - Freeze                Ice            ###.         2%          1    #......
b - Throw Frost           Conj/Ice       ##....       8%          2    ##.....
c - Ozocubu's Armour      Chrm/Ice       ##......     19%         3    ###....


Dungeon Overview and Level Annotations

Branches:
Dungeon (3/15)

Altars:
Gozag


Innate Abilities, Weirdness & Mutations

You cannot wear most types of armour.
You are very stealthy in the water. (Stealth+)
You are amphibious.
You can wear up to eight rings at the same time.
You can use your tentacles to constrict eight enemies at once.
Your skin changes colour to match your surroundings (Stealth+).
Your rubbery body absorbs attacks. (AC +1, EV +1)


Message History

There is an escape hatch in the floor here.
An orc comes into view. It is wielding a dagger.
The orc throws an exploding tomahawk.
The exploding tomahawk hits you.
The exploding tomahawk explodes!
The explosion of tomahawk fragments engulfs you!
You hear a shout!
The orc throws an exploding tomahawk.
The exploding tomahawk hits you!
The exploding tomahawk explodes!
The explosion of tomahawk fragments engulfs you!
Casting: Freeze
Confirm with . or Enter, or press ? or * to list all spells.
You miscast Ozocubu's Armour.
You are very lightly contaminated with residual magic.
Your skin tingles.
A kobold comes into view. It is wielding a club.
The orc throws an exploding tomahawk.
The exploding tomahawk hits you.
* * * LOW HITPOINT WARNING * * *
The exploding tomahawk explodes!
The explosion of tomahawk fragments engulfs you!
You die...

......# ... ...o..# ...
......# ... ......# #.#
########o.....# #.#
#o............. #.#
#.#######...### #.#
##.#.....#...#
########.###..@.....K.....
#.................#....
.#. ###.######..........#
#.. #
.......#####........# #
....................#
.......######.......#
............#.......#
........#...#.......#
........#.###.......######


You could see an orc and a kobold (wandering).

Vanquished Creatures
  Crazy Yiuf (D:2)
  3 gnolls (D:2)
  3 adders (D:2)
  An ooze (D:2)
  A dart slug (D:2)
  A leopard gecko (D:1)
  4 giant cockroaches (D:1)
  7 goblins
  7 hobgoblins
  4 jackals (D:1)
  5 bats
  3 frilled lizards (D:2)
  8 kobolds
  6 rats
54 creatures vanquished.

Notes
Turn   | Place    | Note
-------+----------+-------------------------------------------
     0 | D:1      | IcySystem the Octopode Ice Elementalist began the quest for the Orb.
     0 | D:1      | Reached XP level 1. HP: 11/11 MP: 3/3
   578 | D:1      | Reached XP level 2. HP: 15/17 MP: 3/5
  1085 | D:1      | Reached XP level 3. HP: 21/21 MP: 3/6
  1546 | D:2      | Found an opulent altar of Gozag.
  1680 | D:2      | Found a runed door.
  1869 | D:2      | Reached XP level 4. HP: 12/27 MP: 1/7
  2149 | D:2      | Learned a level 2 spell: Throw Frost
  2153 | D:2      | Learned a level 3 spell: Ozocubu's Armour
  2843 | D:2      | Noticed Crazy Yiuf
  2850 | D:2      | Killed Crazy Yiuf
  2850 | D:2      | Reached XP level 5. HP: 12/31 MP: 4/8
  3187 | D:3      | Killed from afar by an orc

Skill      XL: |  1  2  3  4 |
---------------+-------------+-----
Stealth        | 3 4 |  4.2
Ice Magic      | 4 |  4.9
Dodging        | |  2.0
Spellcasting   | |  2.5
Conjurations   | |  1.0

Action                   |  1- 3 |  4- 6 || total
-------------------------+-------+-------++-------
Melee: Whip              |    10 |     4 ||    14
       Constrict         |     2 |     2 ||     4
       Tentacles         |       |     1 ||     1
Throw: Stone             |    57 |    37 ||    94
 Cast: Freeze            |    51 |    29 ||    80
 Stab: Sleeping          |     1 |     1 ||     2
  Eat: Chunk             |     3 |     4 ||     7
Armor: Skin              |     3 |     1 ||     4
Dodge: Dodged            |    35 |    13 ||    48
